 Dungeon Crawl Stone Soup version 0.22.1-2-g9c5b331 (webtiles) character file.

854 whitewolfNL the Cudgeler (level 7, -4/62 HPs)
             Began as a Minotaur Berserker on Dec 18, 2018.
             Was a Priest of Trog.
             Slain by Prince Ribbit (7 damage)
             ... on level 5 of the Dungeon.
             The game lasted 00:11:46 (3667 turns).

whitewolfNL the Cudgeler (Minotaur Berserker)       Turns: 3667, Time: 00:11:47

Health: -4/62      AC: 10    Str: 24    XL:     7   Next: 70%
Magic:  7/7        EV: 12    Int:  5    God:    Trog [***...]
Gold:   270        SH:  0    Dex: 11    Spells: 6/6 levels left

rFire    . . .     SeeInvis .   a - +0 mace
rCold    . . .     Gourm    .   (no shield)
rNeg     . . .     Faith    .   z - +0 scale mail (curse)
rPois    .         Spirit   .   (helmet restricted)
rElec    .         Reflect  .   (no cloak)
rCorr    .         Harm     .   v - +2 pair of gloves
MR       .....                  (no boots)
Stlth    ..........             (no amulet)
HPRegen  0.20/turn              x - +3 ring of strength
MPRegen  0.10/turn              (no ring)

@: lethally poisoned (-4 -> -6)
A: retaliatory headbutt, horns 2
a: Berserk, Trog's Hand, Renounce Religion


You were on level 5 of the Dungeon.
You worshipped Trog.
Trog was most pleased with you.
You were not hungry.

You visited 1 branch of the dungeon, and saw 5 of its levels.

You collected 270 gold pieces.

Inventory:

Hand Weapons
 a - a +0 mace (weapon)
Missiles
 g - 117 arrows
 k - 61 poisoned needles
 q - 19 bolts
Armour
 v - a +2 pair of gloves (worn)
 y - a +1 pair of gloves of dexterity
 z - a cursed +0 scale mail (worn)
Jewellery
 n - a cursed ring of attention {unknown}
 x - a +3 ring of strength (left hand)
Wands
 m - a wand of acid (7)
Scrolls
 d - 5 scrolls of blinking {unknown}
 e - 2 scrolls of magic mapping {unknown}
 f - 6 scrolls of identify {unknown}
 h - 3 scrolls of amnesia {unknown}
 i - a scroll of teleportation {unknown}
 r - 3 scrolls of remove curse {unknown}
 s - a scroll of enchant armour {unknown}
 w - a scroll of random uselessness {unknown}
Potions
 j - a potion of curing {unknown}
 l - a potion of brilliance {unknown}
 o - a potion of cancellation {unknown}
 p - a potion of lignification {unknown}
 t - a potion of degeneration {unknown}
 u - a potion of magic
 A - a potion of agility {unknown}
Comestibles
 c - 12 rations


   Skills:
 * Level 5.7 Fighting
 * Level 7.7 Maces & Flails
 * Level 4.3 Armour
 * Level 4.2 Dodging
 + Level 0.6 Stealth
 * Level 2.2 Evocations


You had 6 spell levels left.
You didn't know any spells.
Your spell library was empty.

Dungeon Overview and Level Annotations

Branches:
Dungeon (5/15)
 Temple: D:4-7

Altars:
Makhleb
Zin

Annotations:
D:5 Prince Ribbit


Innate Abilities, Weirdness & Mutations

You reflexively headbutt those who attack you in melee.
You have a pair of horns on your head.


Message History

Prince Ribbit barely misses you.
You hit Prince Ribbit.
Prince Ribbit is severely wounded.
You feel sick. Prince Ribbit hits you.
You completely miss Prince Ribbit.
Prince Ribbit is severely wounded.
Prince Ribbit hits you!
You hit Prince Ribbit.
Prince Ribbit is severely wounded.
You feel sick. Prince Ribbit hits you.
* * * LOW HITPOINT WARNING * * *
Prince Ribbit hits you!
* * * LOW HITPOINT WARNING * * *
You miss Prince Ribbit. Your headbutt misses Prince Ribbit.
Prince Ribbit is severely wounded.
Prince Ribbit mumbles some strange words.
Prince Ribbit looks slightly unstable.
It was a potion of magic.
Magic courses through your body. Prince Ribbit hits you!
You die...

#### ...# ###
...###########.#########
................@F..)..#
......########.#######.#
<......... ..##
...##.#### ##. ...##.#
#. #####.# #. #.# #. ..#
#.


You could see Prince Ribbit.

Vanquished Creatures
  Sigmund (D:5)
  The ghost of ThisFiasco the Distorting Demonspawn, an amateur DsAK of Lugonu (D:3)
  An ogre (D:5)
  A scorpion (D:4)
  A howler monkey (D:5)
  A centaur zombie (D:5)
  A jelly (D:5)
  A centaur skeleton (D:4)
  An iguana (D:5)
  2 worker ants (D:4)
  2 hound skeletons
  A howler monkey zombie (D:5)
  13 adders
  2 adder zombies
  A worm (D:4)
  2 dart slugs
  4 leopard geckos
  An orc (D:5)
  A ball python (D:2)
  5 giant cockroaches
  11 goblins
  9 hobgoblins
  4 jackals
  3 kobolds
  4 quokkas
  7 bats
  7 frilled lizards
  5 rats
93 creatures vanquished.

Notes
Turn   | Place    | Note
-------+----------+-------------------------------------------
     0 | D:1      | whitewolfNL the Minotaur Berserker began the quest for the
                  | Orb.
     0 | D:1      | Reached XP level 1. HP: 19/19 MP: 0/0
   131 | D:1      | Reached skill level 4 in Maces & Flails
   131 | D:1      | Reached XP level 2. HP: 27/27 MP: 1/1
   639 | D:2      | Reached XP level 3. HP: 29/33 MP: 2/2
  1150 | D:2      | Reached ** piety under Trog
  1176 | D:2      | Reached XP level 4. HP: 38/40 MP: 3/3
  1178 | D:2      | Reached skill level 5 in Maces & Flails
  1706 | D:3      | Found a runed door.
  1710 | D:3      | Noticed ThisFiasco's ghost (amateur DsAK)
  1745 | D:3      | Killed ThisFiasco's ghost
  1745 | D:3      | Reached skill level 6 in Maces & Flails
  1745 | D:3      | Reached XP level 5. HP: 44/47 MP: 4/4
  1880 | D:3      | Reached XP level 6. HP: 51/53 MP: 5/5
  2043 | D:3      | Reached skill level 1 in Evocations
  2078 | D:3      | Found a burning altar of Makhleb.
  2078 | D:3      | Found a glowing silver altar of Zin.
  2079 | D:3      | Noticed an angel
  2079 | D:3      | Noticed an Executioner
  2407 | D:4      | Reached *** piety under Trog
  2560 | D:4      | Reached skill level 5 in Fighting
  3201 | D:5      | Entered Level 5 of the Dungeon
  3344 | D:5      | Reached skill level 7 in Maces & Flails
  3344 | D:5      | Reached XP level 7. HP: 56/61 MP: 7/7
  3644 | D:5      | Noticed Sigmund
  3652 | D:5      | Noticed Prince Ribbit
  3655 | D:5      | Killed Sigmund
  3665 | D:5      | HP: 3/62 [Prince Ribbit (14)]
  3667 | D:5      | Slain by Prince Ribbit

Skill      XL: |  1  2  3  4  5  6  7 |
---------------+----------------------+-----
Maces & Flails | 4 6 7 |  7.7
Fighting       | 4 5 |  5.7
Dodging        | 3 4 |  4.2
Armour         | 3 4 |  4.3
Evocations     | 1 2 |  2.2
Stealth        | |  0.6

Action                   |  1- 3 |  4- 6 |  7- 9 || total
-------------------------+-------+-------+-------++-------
Melee: Mace              |    64 |   125 |    38 ||   227
       Headbutt          |     5 |    24 |    12 ||    41
Invok: Berserk           |     2 |     3 |       ||     5
  Use: Potion            |       |       |     1 ||     1
 Stab: Sleeping          |       |     1 |       ||     1
  Eat: Chunk             |     3 |    10 |     1 ||    14
Armor: Animal skin       |    15 |    18 |       ||    33
       Scale mail        |       |    11 |    11 ||    22
Dodge: Dodged            |    45 |    77 |    24 ||   146
